 Dungeon Crawl Stone Soup version 0.27.0-1-g7a089689b8 (webtiles) character file.

Game seed: 4946544083086007049

56 DocSulfur the Caller (level 3, -1/26 HPs)
             Began as a Demigod Summoner on Aug 4, 2021.
             Slain by an adder (5 damage)
             ... on level 3 of the Dungeon.
             The game lasted 00:05:20 (3103 turns).

DocSulfur the Caller (Demigod Summoner)             Turns: 3103, Time: 00:05:20

Health: -1/26      AC:  2    Str:  9    XL:     3   Next: 47%
Magic:  6/9        EV: 12    Int: 21    God:
Gold:   91         SH:  0    Dex: 14    Spells: 4/7 levels left

rFire    . . .     SeeInvis .   g - +0 war axe
rCold    . . .     Faith    .   (no shield)
rNeg     . . .     Spirit   .   a - +0 robe
rPois    .         Reflect  .   (no helmet)
rElec    .         Harm     .   (no cloak)
rCorr    .         Rampage  .   (no gloves)
Will     .....                  (no boots)
Stlth    ++........             (no amulet)
HPRegen  0.08/turn              (no ring)
MPRegen  0.11/turn              (no ring)

@: lethally poisoned (-1 -> -3)
A: high mp 1, forlorn
a: no special abilities


You were on level 3 of the Dungeon.
You visited 1 branch of the dungeon, and saw 3 of its levels.

You collected 91 gold pieces.

Inventory:

Hand Weapons
 c - a +0 short sword
 g - a +0 war axe (weapon)
Missiles
 b - 61 sling bullets
 e - 10 poisoned darts
Armour
 a - a +0 robe (worn)
 k - a +0 chain mail
Jewellery
 i - a ring of ice
Scrolls
 f - 2 scrolls of identify {unknown}
 h - a scroll of amnesia {unknown}
 j - 3 scrolls of torment {unknown}
 l - a scroll of noise {unknown}
 m - a scroll of enchant armour {unknown}
Potions
 d - a potion of berserk rage {unknown}


   Skills:
 - Level 1.7 Dodging
 - Level 1.7 Stealth
 + Level 2.7 Spellcasting
 + Level 4.3 Summonings


You had 4 spell levels left.
You knew the following spells:

 Your Spells              Type           Power      Damage    Failure   Level
a - Summon Small Mammal   Summ           84%        N/A       2%          1
b - Call Imp              Summ           21%        N/A       3%          2

Your spell library contained the following spells:

 Spells                   Type           Power      Damage    Failure   Level
 Call Canine Familiar     Summ           21%        N/A       7%          3
 Summon Guardian Golem    Hex/Summ       11%        N/A       17%         3
 Summon Lightning Spire   Summ/Air       11%        N/A       50%         4


Dungeon Overview and Level Annotations

Branches:
Dungeon (3/15)


Innate Abilities, Weirdness & Mutations

Your attributes grow dramatically as you level up.
You have an increased reservoir of magic. (+10% MP)
You shall have no god before yourself.


Message History

The adder completely misses you.
You hit the adder.
The adder is lightly wounded.
You feel sick.
Your bat closely misses the adder.
Your bat completely misses the adder.
The adder misses you.
Your rat bites the adder.
The adder barely misses you.
Your rat bites the adder.
You hit the adder but do no damage.
The adder is heavily wounded.
You feel sick.
Your bat hits the adder but does no damage.
Your bat misses the adder. The adder closely misses you.
Your bat misses the adder.
Your rat bites the adder.
The adder bites your rat.
Your rat dies!
Your rat's corpse disappears in a puff of smoke!
The adder hisses angrily.
You completely miss the adder.
The adder is severely wounded.
You feel sick.
Your bat barely misses the adder.
Your bat hits the adder but does no damage.
The adder bites you.
Your bat misses the adder. The adder bites you.
Your bat closely misses the adder. x2
Unknown command.
Casting: Summon Small Mammal (safe; 2% risk of failure)
Confirm with . or Enter, or press ? or * to list all spells.
You feel sick.
Your bat barely misses the adder.
Your bat closely misses the adder.
The adder bites you but does no damage.
You closely miss the adder.
The adder is severely wounded.
You feel sick.
You are no longer poisoned.
Your bat closely misses the adder.
The adder bites you.
You are poisoned.
The adder poisons you!
Your bat closely misses the adder.
The adder bites you.
* * * LOW HITPOINT WARNING * * *
Your bat barely misses the adder.
You feel sick.
Your bat closely misses the adder.
Your bat completely misses the adder.
Your quokka bites the adder.
The adder bites you.
You die...

.#####......#
#.#.##.# .#
#......# #.#.##.#
.# #......#
####.#....# .#
#........
....####.# .#
#......### #..# #.#
.# #......#
#..####.# .#
......# ##....##.#
....####...#.##.###
........@#.....)..#
#....brS.#.#.######
#......b.#.#.#
.........#.#.#
.........#.#.#
.........#.#.#
..####.###.#.# . #.
..#.# #. ###.#


You could see an adder (ally target), a friendly quokka (summoned) and 2
friendly bats.

Vanquished Creatures
  A gnoll (D:1)
  2 dart slugs
  6 bats
  2 giant cockroaches (D:1)
  2 goblins (D:1)
  2 hobgoblins
  A jackal (D:2)
  A kobold (D:1)
  2 quokkas (D:2)
  3 ball pythons
  2 frilled lizards
  3 rats
27 creatures vanquished.

Vanquished Creatures (collateral kills)
  An adder (D:2)
  A dart slug (D:1)
  A ball python (D:3)
  3 bats
  3 endoplasms
  A giant cockroach (D:1)
  A hobgoblin (D:1)
  A jackal (D:2)
  A quokka (D:1)
  A kobold (D:1)
  2 rats (D:1)
16 creatures vanquished.

Grand Total: 43 creatures vanquished

Notes
Turn   | Place    | Note
-------+----------+-------------------------------------------
     0 | D:1      | DocSulfur the Demigod Summoner began the quest for the Orb.
     0 | D:1      | Reached XP level 1. HP: 14/14 MP: 5/5
   500 | D:1      | Reached XP level 2. HP: 18/20 MP: 5/7
   765 | D:1      | Reached skill level 4 in Summonings
  1033 | D:1      | Learned a level 2 spell: Call Imp
  1861 | D:2      | Reached XP level 3. HP: 26/26 MP: 9/9
  3103 | D:3      | Slain by an adder

Illustrated notes

Levels and vault maps discovered:
D:1:      sevenhm_arrival_forest_fort_small_6, layout_loops_corners
D:2:      layout_basic, basic_ecumenical_altar, grunt_decor_resistance,
          chequers_serial_rivers_room_a, skrybe_limestone_x
D:3:      layout_basic, amcnicky_mini_pool_small, st_stairs_8

Skill      XL: |  1  2 |
---------------+-------+-----
Spellcasting   | 2 |  2.7
Summonings     | 4 |  4.3
Dodging        | |  1.7
Stealth        | |  1.7

Action                   || total
-------------------------++-------
Melee: Short sword       ||    78
       War axe           ||    42
 Cast: Summon Small Mamm ||    43
       Call Imp          ||     1
 Stab: Sleeping          ||     4
       Distracted        ||     2
Armor: Robe              ||    36
Dodge: Dodged            ||   138
